 Dungeon Crawl Stone Soup version 0.27.1-2-g3b301248ec (webtiles) character file.

Game seed: 1823289609431803939

412739 Borgoz the Shatterer (level 23, -20/173 HPs)
             Began as a Gargoyle Berserker on Sept 26, 2021.
             Was a High Priest of Trog.
             Killed from afar by an ancient lich (48 damage)
             ... with a crystal spear
             ... on level 4 of the Vaults.
             The game lasted 01:37:32 (68169 turns).

Borgoz the Shatterer (Gargoyle Berserker)          Turns: 68169, Time: 01:37:33

Health: -20/173    AC: 48    Str: 30    XL:     23   Next: 54%
Magic:  0/23       EV: 17    Int:  9    God:    Trog [*****.]
Gold:   1398       SH: 15    Dex: 25    Spells: 22/22 levels left

rFire    + + .     SeeInvis +   b - +12 morningstar "Wobbuken" {drain, rF- rCorr Int-2 Stlth+}
rCold    + + +     Faith    .   D - +0 kite shield {reflect}
rNeg     + + .     Spirit   +   L - +0 gold dragon scales
rPois    ∞         Reflect  +   C - +0 helmet "Rautaeza" {rF+ Dex+2}
rElec    +         Harm     .   J - scarf {rC+ rF+}
rCorr    +         Rampage  .   H - +1 pair of gloves of Card Tricks {Int+3}
Will     +++++     NoCast   +   U - +1 pair of boots of Ymmyewn {rC+ rN+ Will+++ Int-2}
Stlth    ..........             u - amulet "Yvuthouwn" {Spirit -Cast Will+ Dex+2}
HPRegen  1.38/turn              Q - ring "Qubopp" {rPois Str+6 Dex+3}
MPRegen  0.18/turn              E - +6 ring of dexterity

@: strong-willed, flying, regenerating, studying Bows
A: sickness immunity, AC +17, big wings, negative energy resistance 1,
electricity resistance, torment resistance 1, petrification resistance, see
invisible, clumsy 1, robust 1, sturdy frame 1
}: 2/15 runes: barnacled, gossamer
a: Renounce Religion, Berserk, Trog's Hand, Brothers in Arms


You were on level 4 of the Vaults.
You worshipped Trog.
Trog was extremely pleased with you.
You visited 7 branches of the dungeon, and saw 39 of its levels.
You also visited: Sewer, Ice Cave and Volcano.

You collected 4085 gold pieces.
You spent 2687 gold pieces at shops.

Inventory:

Hand Weapons
 a - the +11 morningstar "Houtomy" {antimagic, Will+ Stlth+}
   (Trog gifted it to you on level 4 of the Vaults)

   It reduces the magical energy of the wielder, and disrupts the spells and
   magical abilities of those it strikes.
   Natural abilities and divine invocations are not affected.
   Will:      It increases your willpower.
   Stlth:     It makes you more stealthy.
 b - the +12 morningstar "Wobbuken" (weapon) {drain, rF- rCorr Int-2 Stlth+}
   (You found it on level 3 of the Elven Halls)

   A truly terrible weapon, it drains the life of any living foe it strikes.
   Int:       It affects your intelligence (-2).
   rF:        It makes you vulnerable to fire.
   rCorr:     It protects you from acid and corrosion.
   Stlth:     It makes you more stealthy.
Missiles
 s - 4 throwing nets (quivered)
Armour
 C - the +0 helmet "Rautaeza" (worn) {rF+ Dex+2}
   (You bought it in a shop on level 2 of the Orcish Mines)

   Dex:       It affects your dexterity (+2).
   rF:        It protects you from fire.
 D - a +0 kite shield of reflection (worn)
 H - the +1 pair of gloves of Card Tricks (worn) {Int+3}
   (You found it on level 3 of the Elven Halls)

   Int:       It affects your intelligence (+3).
 J - a scarf of resistance (worn)
 L - +0 gold dragon scales (worn)
 U - the +1 pair of boots of Ymmyewn (worn) {rC+ rN+ Will+++ Int-2}
   (You found it on level 3 of the Elven Halls)

   Int:       It affects your intelligence (-2).
   rC:        It protects you from cold.
   rN:        It protects you from negative energy.
   Will:      It greatly increases your willpower.
 V - the +1 plate armour of Intuition {rF+ MP-9 Slay+2}
   (You found it on level 3 of the Elven Halls)

   Slay:      It affects your accuracy & damage with ranged weapons and melee
   (+2).
   rF:        It protects you from fire.
   MP:        It affects your magic capacity (-9).
Jewellery
 n - an amulet of reflection
 u - the amulet "Yvuthouwn" (around neck) {Spirit -Cast Will+ Dex+2}
   (You acquired it on level 9 of the Dungeon)

   [amulet of guardian spirit]

   It causes incoming damage to be divided between your reserves of health and
   magic.
   Dex:       It affects your dexterity (+2).
   -Cast:     It prevents spellcasting.
   Will:      It increases your willpower.
 z - a ring of willpower
 E - a +6 ring of dexterity (right hand)
 G - a ring of positive energy
 Q - the ring "Qubopp" (left hand) {rPois Str+6 Dex+3}
   (You found it on level 3 of the Elven Halls)

   [ring of strength]

   Str:       It affects your strength (+6).
   Dex:       It affects your dexterity (+3).
   rPois:     It protects you from poison.
Wands
 o - a wand of digging (17)
 t - a wand of acid (7)
 w - a wand of polymorph (6)
 x - a wand of iceblast (45)
 F - a wand of flame (73)
 I - a wand of mindburst (26)
 K - a wand of paralysis (20)
Scrolls
 c - 6 scrolls of identify
 d - 3 scrolls of blinking
 j - 12 scrolls of teleportation
 k - a scroll of brand weapon
 m - a scroll of silence
 p - 2 scrolls of holy word
 v - 7 scrolls of fog
 y - a scroll of magic mapping
 N - a scroll of summoning
Potions
 e - 4 potions of cancellation
 f - 4 potions of might
 g - 6 potions of mutation
 h - 12 potions of curing
 i - 3 potions of berserk rage
 l - 6 potions of attraction
 q - 7 potions of haste
 r - 4 potions of ambrosia
 A - a potion of resistance


   Skills:
 * Level 20.5 Fighting
 * Level 21.3 Maces & Flails
 * Level 20.4 Armour
 + Level 14.2 Dodging
 * Level 12.8 Shields
 + Level 5.6 Evocations


You had 22 spell levels left.
You didn't know any spells.
Your spell library was empty.

Dungeon Overview and Level Annotations

Branches:
Dungeon (15/15)            Temple (0/1) D:5            Lair (6/6) D:8
 Shoals (4/4) Lair:3       Spider (4/4) Lair:2        Slime (0/5) Lair:6
    Orc (2/2) D:10            Elf (3/3) Orc:2        Vaults (5/5) D:14
  Crypt (0/3) Vaults:2     Depths (0/5) D:15          Sewer (visited)
  IceCv (visited)         Volcano (visited)

Altars:
Ashenzari
Sif Muna
Trog
Uskayaw
Vehumet
Wu Jian
The Shining One
Beogh
Jiyva

Shops:
D:10 !   Orc:2 (([*   Shoals:1 (   Vaults:1 *   Vaults:3 [   Vaults:4 (

Portals:
Trove: D:12 (give 2 scrolls of acquirement)


Innate Abilities, Weirdness & Mutations

You are immune to sickness and miasma.
Your stone body is resilient. (AC +17)
You are immune to poison.
Your large and strong wings let you fly.
You resist negative energy. (rN+)
You are resistant to electric shocks. (rElec)
You are resistant to unholy torment.
You are immune to petrification.
You have supernaturally acute eyesight. (SInv)
You are clumsy. (Dex -2)
You are robust. (+10% HP)
Your movements are slightly less encumbered by armour. (ER -2)


Message History

The titan waves its arms in wide circles.
The air twists around and strikes you!!
* * * LOW HITPOINT WARNING * * *
Your stone giant completely misses the faun.
You are too injured to fight recklessly!
The faun changes into a swamp worm!
The ancient lich points at you and mumbles some strange words.
You resist with almost no effort.
The tengu reaver hits you but does no damage.
The tengu reaver closely misses you.
The tengu reaver claws you but does no damage.
The yaktaur shoots a bolt.
You reflect the bolt off your +0 kite shield of reflection!
The bolt hits the yaktaur!!
You kill the yaktaur!
Trog accepts your kill.
The ancient lich is empowered by the deep elf high priest's aura!
You block the deep elf high priest's attack.
The stone giant throws a large rock.
The large rock barely misses you.
The large rock hits the deep elf high priest!!!
The deep elf high priest dies!
Your stone giant hits the swamp worm!!
The ancient lich gestures wildly while chanting.
The ancient lich flickers and vanishes for a moment.
The deep elf high priest utters a dark prayer and points at you.
Your life force is offered up.
* * * LOW HITPOINT WARNING * * *
The ancient lich is healed.
The swamp worm is healed.
You fly upwards.
There is a stone staircase leading down, spattered with blood here.
Your skin crawls.
You feel strong-willed.
The tengu reaver points at you and mumbles some strange words.
The bolt of fire hits you! You resist.
* * * LOW HITPOINT WARNING * * *
The ancient lich touches you but does no damage.
You feel much better.
The ancient lich gestures at you while chanting.
The crystal spear hits you!!!
You die...

#......#....# #.. ########....#
##. #....# #.. #############....#
#.. ####
#...........#....#########.# ...#
#...........#....#......##.# ...#
##'##..)#####....#......##.. ...#
#.).#...#.[(#....#...>..###. ...#
#.).#...#.L@)....#......##.. ...#
#...#...#.[Q#....'....[.##.. ...#
#...#...#.([#....#......##.# ...#
#...#...#...'....#......##.# ...#
#####...##'##....#########.. ...#
#...........#....# ##. ####
#....)......#....# #..
##################....##########'
.................................


You could see an ancient lich (fast, empowered, invisible) and a tengu reaver
(empowered).

Vanquished Creatures
  An ancient lich (Vaults:4)
  Arachne (Spider:1)
  Rupert (D:13)
  Jorgrun (D:15)
  An Ice Fiend (IceCv)
  2 tentacled monstrosities
  The ghost of fearitself the Executioner, an adept MiBe of Trog (Shoals:3)
  2 deep elf blademasters
  2 deep elf master archers (Elf:3)
  2 titans (Vaults:4)
  A sphinx (Vaults:2)
  A kraken (Shoals:2)
  Frances (Elf:1)
  2 tengu reavers
  The ghost of Meoqees the Peltast, an adept MiFi of Okawaru (Shoals:3)
  Donald (Spider:1)
  2 azure jellies (Lair:6)
  Roxanne (Shoals:2)
  A fire giant (Vaults:4)
  4 orc warlords
  15 vault wardens
  2 ghost moths (Spider:4)
  Louise (Shoals:2)
  Aizul (Spider:2)
  6 deep elf sorcerers
  6 emperor scorpions
  3 deep elf elementalists
  14 very ugly things
  16 ironbound preservers
  4 stone giants
  3 war gargoyles
  A vampire knight (Vaults:2)
  Nessos (D:15)
  5 dire elephants
  2 deep elf demonologists
  4 spark wasps
  4 entropy weavers
  6 deep elf annihilators
  7 deep elf death magi
  A merfolk javelineer (Shoals:3)
  Snorg (Orc:2)
  An ettin (Vaults:4)
  5 merfolk impalers
  A jiangshi (Vaults:2)
  3 great orbs of eyes
  17 yaktaur captains
  4 deep elf high priests
  2 crystal guardians
  3 caustic shrike simulacra (IceCv)
  4 boulder beetles
  35 vault guards
  10 ironbound thunderhulks
  5 peacekeepers
  Erolcha (D:10)
  12 hydras
  A merfolk avatar (Shoals:4)
  4 alligator snapping turtles
  3 merfolk aquamancers
  An ogre mage (Vaults:5)
  A catoblepas (Lair:3)
  4 two-headed ogres
  Erica (D:9)
  30 dancing weapons
  2 deep troll earth magi (Vaults:4)
  11 ironbound frosthearts
  9 centaur warriors
  A tengu warrior (D:15)
  5 ironbound beastmasters
  6 satyrs
  7 death yaks
  3 orc high priests
  Nergalle (Lair:2)
  A vampire mage (Vaults:2)
  21 slime creatures
  12 deep elf knights
  A fire crab (Lair:6)
  27 deep trolls
  A glowing orange brain (Vaults:4)
  6 lindwurms
  15 sea snakes
  A bog body (IceCv)
  7 orc knights
  19 deep elf pyromancers
  A harpy (shapeshifter) (D:14)
  2 obsidian statues (IceCv)
  A tengu zombie (Vaults:4)
  23 wolf spiders
  11 ironbound convokers
  14 orb spiders
  5 deep elf archers
  36 harpies
  17 deep elf zephyrmancers
  12 wizards
  6 orc sorcerers
  2 necromancers
  An oklob plant (Lair:3)
  A cyclops (shapeshifter) (Elf:2)
  15 manticores
  5 merfolk sirens
  36 ugly things
  7 elephants
  17 fauns
  A moth of wrath (Spider:1)
  5 cyclopes
  3 black mambas
  13 vault sentinels
  2 torpor snails (Lair:6)
  4 water nymphs
  An elf zombie (Vaults:4)
  19 cane toads
  A rime drake (shapeshifter) (Elf:2)
  2 kobold demonologists
  An efreet (Volcano)
  6 komodo dragons
  9 demonic crawlers
  A rime drake (Lair:3)
  An unseen horror (D:8)
  7 freezing wraiths
  An entropy weaver simulacrum (Shoals:4)
  3 golden dragon simulacra (IceCv)
  An ice devil (IceCv)
  A human zombie (Vaults:2)
  26 merfolk
  40 yaktaurs
  3 human skeletons
  33 jumping spiders
  7 polar bears
  3 meliai (D:13)
  A polar bear (shapeshifter) (D:11)
  5 wind drakes
  6 trolls
  6 hornets
  A raiju (shapeshifter) (D:14)
  18 blink frogs
  A slime creature (shapeshifter) (D:13)
  6 dream sheep
  12 snapping turtles
  2 meliai zombies
  22 tarantellas
  70 redbacks
  Sigmund (D:2)
  A spriggan simulacrum (Shoals:4)
  2 vampires
  An air elemental (Elf:2)
  15 spriggans
  A wraith (Vaults:2)
  82 yaks
  10 basilisks
  16 water elementals
  A centaur simulacrum (D:14)
  6 fire elementals
  6 wyverns
  2 minotaur simulacra (IceCv)
  2 harpy simulacra (Shoals:4)
  8 vampire mosquitoes
  9 wargs
  An acid dragon (D:8)
  16 water moccasins
  3 hydra simulacra (IceCv)
  2 hornet zombies
  An alligator simulacrum (Shoals:4)
  6 black bears
  41 orc warriors
  2 sky beasts
  2 ettin simulacra (IceCv)
  2 ice beasts (D:6)
  8 ogres
  11 boggarts
  19 wolves
  16 centaurs
  4 kobold brigands
  3 phantoms
  3 earth elementals
  A gnoll sergeant (D:8)
  4 wyvern zombies
  9 bullfrogs
  2 scorpions
  A water moccasin zombie (D:5)
  3 killer bees (D:9)
  3 lindwurm simulacra (Shoals:4)
  A wight (D:7)
  4 electric eels
  4 howler monkeys
  A jelly (D:4)
  4 centaur zombies
  30 orc priests
  A hound (D:7)
  2 centaur skeletons
  6 iguanas
  4 hell rats (Lair:4)
  25 orc wizards
  A howler monkey zombie (D:5)
  A howler monkey skeleton (D:7)
  11 adders
  7 gnolls
  3 river rats (Sewer)
  2 shadow imps
  2 white imps
  5 worms
  2 dart slugs
  103 orcs
  A bat (D:1)
  4 endoplasms
  3 giant cockroaches
  6 hobgoblins
  8 jackals
  A quokka (D:2)
  3 training dummies (Shoals:1)
  11 ball pythons
  4 frilled lizards
  6 goblins
  32 kobolds
  10 rats
  2 tentacles (Shoals:2)
1628 creatures vanquished.

Vanquished Creatures (collateral kills)
  A titan (Vaults:5)
  The ghost of Tang the Devastator, an adept TeAE of Sif Muna (Shoals:1)
  2 vault wardens (Vaults:2)
  An emperor scorpion (Spider:4)
  An ironbound preserver (Vaults:2)
  A yaktaur captain (Vaults:5)
  4 vault guards
  A catoblepas (Lair:6)
  4 merfolk aquamancers
  A death knight (D:12)
  A merfolk avatar (Shoals:1)
  A deep troll (Vaults:3)
  An iron troll (Vaults:5)
  An orb spider (Spider:4)
  A harpy (Shoals:1)
  2 ironbound convokers
  3 oklob plants (Lair:3)
  2 fauns
  A vault sentinel (Vaults:5)
  A yaktaur (Vaults:3)
  A jumping spider (Spider:4)
  2 wind drakes (Shoals:1)
  5 orc warriors
  An orc priest (D:10)
  10 orcs (D:10)
50 creatures vanquished.

Vanquished Creatures (others)
  A frost giant (Vaults:5)
  A deep elf high priest (Vaults:5)
  An ogre mage (Vaults:5)
  A deep elf zephyrmancer (Elf:1)
  An endoplasm (D:2)
  A bush (D:8)
  41 fungi
  339 plants
  5 tentacles (Shoals:2)
391 creatures vanquished.

Grand Total: 2069 creatures vanquished

Notes
Turn   | Place    | Note
-------+----------+-------------------------------------------
     0 | D:1      | Borgoz the Gargoyle Berserker began the quest for the Orb.
     0 | D:1      | Reached XP level 1. HP: 14/14 MP: 1/1
   291 | D:1      | Reached XP level 2. HP: 11/19 MP: 2/2
  1213 | D:2      | You fall into a shaft and drop 2 floors!
  1228 | D:4      | HP: 1/28 [iguana (4)]
  1231 | D:4      | Reached XP level 3. HP: 1/24 MP: 3/3
  1388 | D:4      | Reached XP level 4. HP: 7/29 MP: 4/4
  1454 | D:4      | Found a glowing drain.
  1556 | Sewer    | Entered a sewer
  1736 | Sewer    | Reached ** piety under Trog
  2429 | Sewer    | Gained mutation: Your movements are slightly less
                  | encumbered by armour. (ER -2) [potion of mutation]
  2429 | Sewer    | Gained mutation: You are clumsy. (Dex -2) [potion of
                  | mutation]
  2429 | Sewer    | Gained mutation: You have supernaturally acute eyesight.
                  | (SInv) [potion of mutation]
  2429 | Sewer    | Gained mutation: You are robust. (+10% HP) [potion of
                  | mutation]
  2606 | D:2      | Reached XP level 5. HP: 36/36 MP: 5/5
  2738 | D:2      | Found a faded altar of an unknown god.
  2739 | D:2      | Noticed Sigmund
  2754 | D:2      | Killed Sigmund
  2755 | D:2      | Reached skill level 4 in Maces & Flails
  2755 | D:2      | Reached XP level 6. HP: 42/42 MP: 6/6
  3594 | D:3      | Reached *** piety under Trog
  3694 | D:3      | Reached skill level 5 in Fighting
  3916 | D:3      | Found an ornate altar of the Wu Jian Council.
  4521 | D:4      | Reached XP level 7. HP: 48/48 MP: 7/7
  4655 | D:4      | Found a glowing golden altar of the Shining One.
  4660 | D:4      | Found a broken altar of Ashenzari.
  5110 | D:5      | Entered Level 5 of the Dungeon
  5236 | D:5      | Reached skill level 5 in Maces & Flails
  5255 | D:5      | Reached skill level 5 in Armour
  5271 | D:5      | Reached XP level 8. HP: 26/56 MP: 8/8
  5515 | D:5      | Found a staircase to the Ecumenical Temple.
  5870 | D:5      | Found a bloodstained altar of Trog.
  6433 | D:6      | Identified the +2 hand axe of Resourcefulness {flame,
                  | Fragile rN+ Int+4}
  6764 | D:6      | Reached skill level 6 in Maces & Flails
  6989 | D:6      | Reached XP level 9. HP: 40/62 MP: 9/9
  7156 | D:6      | Found a radiant altar of Vehumet.
  7357 | D:6      | Reached skill level 5 in Dodging
  7932 | D:7      | You fall into a shaft and drop 1 floor!
  8159 | D:8      | Reached skill level 7 in Maces & Flails
  8164 | D:8      | Reached **** piety under Trog
  8512 | D:7      | Noticed a troll
  8512 | D:7      | Noticed an unseen horror
  8523 | D:8      | Killed a troll
  8830 | D:8      | Killed an unseen horror
  8950 | D:7      | Reached XP level 10. HP: 70/71 MP: 10/10
  9084 | D:7      | Reached skill level 8 in Maces & Flails
 10027 | D:8      | Found a staircase to the Lair.
 10680 | D:9      | Reached ***** piety under Trog
 10684 | D:9      | Reached skill level 9 in Maces & Flails
 10694 | D:9      | Reached XP level 11. HP: 55/79 MP: 11/11
 10700 | D:9      | Noticed a two-headed ogre
 10973 | D:9      | Found a shimmering blue altar of Sif Muna.
 10981 | D:9      | Reached skill level 10 in Fighting
 11051 | D:9      | Reached skill level 10 in Armour
 11192 | D:9      | Killed a two-headed ogre
 11613 | D:9      | Noticed Erica
 11631 | D:9      | Killed Erica
 11956 | D:9      | Identified a scroll of acquirement
 11956 | D:9      | Acquired the amulet "Yvuthouwn" {Spirit -Cast Will+ Dex+2}
 12013 | D:10     | Entered Level 10 of the Dungeon
 12039 | D:10     | Noticed a two-headed ogre
 12046 | D:10     | Killed a two-headed ogre
 12047 | D:10     | Reached skill level 10 in Maces & Flails
 12195 | D:10     | Noticed Erolcha
 12205 | D:10     | Killed Erolcha
 12463 | D:10     | Found Yzuol's Distillery.
 12478 | D:10     | Reached XP level 12. HP: 88/88 MP: 8/12
 12630 | D:10     | Found a staircase to the Orcish Mines.
 13726 | D:11     | Noticed an eight-headed hydra
 13733 | D:11     | Killed an eight-headed hydra
 14055 | D:11     | Reached skill level 11 in Maces & Flails
 14735 | D:12     | Noticed a death knight
 14741 | D:12     | Killed a death knight
 14929 | D:12     | Noticed a boulder beetle
 14948 | D:12     | Killed a boulder beetle
 15585 | D:12     | Found a portal to a secret trove of treasure.
 15636 | D:12     | Noticed a two-headed ogre
 15640 | D:12     | Killed a two-headed ogre
 16237 | D:13     | HP: 4/135 [meliai (3)]
 16649 | D:13     | Noticed a two-headed ogre
 16656 | D:13     | Killed a two-headed ogre
 16657 | D:13     | Reached XP level 13. HP: 95/95 MP: 10/13
 17021 | D:13     | Noticed Rupert
 17026 | D:13     | Paralysed by Rupert for 6 turns
 17032 | D:13     | HP: 5/142 [Rupert (31)]
 17032 | D:13     | HP: 2/142 [Rupert (3)]
 17672 | Lair:1   | Entered Level 1 of the Lair of Beasts
 18227 | Lair:1   | Reached skill level 12 in Maces & Flails
 18817 | Lair:2   | You fall into a shaft and drop 1 floor!
 19508 | Lair:2   | Found a hole to the Spider Nest.
 19564 | Lair:2   | Noticed Nergalle
 19576 | Lair:2   | Killed Nergalle
 20739 | Lair:3   | Gained mutation: Your large and strong wings let you fly.
                  | [Gargoyle growth]
 20739 | Lair:3   | Reached XP level 14. HP: 84/104 MP: 11/14
 21357 | Lair:3   | Found a staircase to the Shoals.
 22647 | Lair:4   | Reached skill level 1 in Evocations
 22850 | Lair:4   | Reached skill level 13 in Maces & Flails
 24696 | Lair:6   | Entered Level 6 of the Lair of Beasts
 25022 | Lair:6   | Received a gift from Trog
 26055 | Lair:5   | Reached XP level 15. HP: 111/111 MP: 12/15
 26112 | Lair:5   | Reached skill level 14 in Maces & Flails
 27515 | Lair:6   | Found a runed translucent door.
 27515 | Lair:6   | Found a viscous altar of Jiyva.
 27515 | Lair:6   | Found a staircase to the Slime Pits.
 27515 | Lair:6   | Noticed an azure jelly
 27515 | Lair:6   | Noticed an azure jelly
 28327 | D:14     | Received a gift from Trog
 29050 | D:14     | Reached skill level 5 in Evocations
 29143 | D:14     | Found a gate to the Vaults.
 29527 | D:13     | Killed Rupert
 29528 | D:13     | Reached skill level 15 in Fighting
 29528 | D:13     | Reached skill level 10 in Dodging
 29583 | D:15     | Entered Level 15 of the Dungeon
 29744 | D:15     | Found a hide-covered altar of Uskayaw.
 29744 | D:15     | Noticed Nessos
 29774 | D:15     | Killed Nessos
 30001 | D:15     | Reached skill level 15 in Maces & Flails
 30183 | D:15     | Noticed Jorgrun
 30196 | D:15     | Killed Jorgrun
 30197 | D:15     | Reached skill level 15 in Armour
 30197 | D:15     | Reached XP level 16. HP: 118/118 MP: 13/16
 30395 | D:15     | Found a staircase to the Depths.
 31058 | Orc:1    | Entered Level 1 of the Orcish Mines
 31174 | Orc:1    | Received a gift from Trog
 31546 | Orc:2    | Entered Level 2 of the Orcish Mines
 31670 | Orc:2    | Found Tauhisul's General Store.
 31709 | Orc:2    | Bought a scroll of enchant weapon for 112 gold pieces
 31730 | Orc:2    | Found a dark tunnel.
 31737 | Volcano  | Entered a volcano
 32126 | Orc:2    | Found Agiv's Antique Weapon Shoppe.
 32296 | Orc:2    | Found a staircase to the Elven Halls.
 32479 | Orc:2    | Reached ****** piety under Trog
 32872 | Orc:2    | Received a gift from Trog
 32900 | Orc:2    | Noticed Snorg
 32914 | Orc:2    | Killed Snorg
 33993 | Orc:2    | Found Towaxest's Antique Weapon Emporium.
 33999 | Orc:2    | Found Dycauf's Antique Armour Shoppe.
 34245 | Orc:2    | Bought a shimmering helmet for 266 gold pieces
 34245 | Orc:2    | Identified the +0 helmet "Rautaeza" {rF+ Dex+2} (You bought
                  | it in a shop on level 2 of the Orcish Mines)
 34245 | Orc:2    | Bought a bronze plate armour for 784 gold pieces
 34245 | Orc:2    | Identified the +1 plate armour of Duty {Stlth+} (You bought
                  | it in a shop on level 2 of the Orcish Mines)
 34245 | Orc:2    | Bought a heavily runed plate armour for 784 gold pieces
 34245 | Orc:2    | Identified the +0 plate armour of the Pits of Slime {MP+9
                  | Slay+3 SInv} (You bought it in a shop on level 2 of the
                  | Orcish Mines)
 34245 | Orc:2    | Bought a pair of glowing gloves for 210 gold pieces
 34321 | D:10     | Bought a potion of mutation for 112 gold pieces
 34321 | D:10     | Bought a potion of invisibility for 112 gold pieces
 34321 | D:10     | Bought a potion of mutation for 112 gold pieces
 34321 | D:10     | Bought a potion of haste for 140 gold pieces
 34516 | Shoals:1 | Entered Level 1 of the Shoals
 35507 | Shoals:1 | Found a runed translucent gate.
 35508 | Shoals:1 | Found a runed translucent gate.
 35509 | Shoals:1 | Found a runed translucent gate.
 35660 | Shoals:1 | Reached skill level 16 in Maces & Flails
 36068 | Shoals:1 | Found Buvutot's Firing Range.
 36084 | Shoals:1 | Received a gift from Trog
 36225 | Shoals:1 | Noticed Tang's ghost (adept TeAE)
 36247 | Shoals:1 | Killed Tang's ghost
 36425 | Shoals:1 | Identified the -4 pair of gloves of Peek-a-Boo {Dex+2}
 36556 | Shoals:2 | You are sucked into a shaft and drop 1 floor!
 36556 | Shoals:3 | Found a runed translucent gate.
 36556 | Shoals:3 | Found a runed translucent gate.
 36556 | Shoals:3 | Found a runed translucent gate.
 36571 | Shoals:3 | Noticed Meoqees's ghost (adept MiFi)
 36571 | Shoals:3 | Noticed fearitself's ghost (adept MiBe)
 36981 | Shoals:2 | Noticed Louise
 36998 | Shoals:2 | Killed Louise
 37383 | Shoals:2 | Noticed a kraken
 37397 | Shoals:2 | Killed a kraken
 37618 | Shoals:2 | Noticed Roxanne
 37637 | Shoals:2 | Killed Roxanne
 38063 | Shoals:3 | Reached XP level 17. HP: 126/126 MP: 17/17
 38519 | Shoals:3 | HP: 2/126 [harpy (5)]
 39558 | Shoals:3 | Received a gift from Trog
 40843 | Shoals:3 | Killed fearitself's ghost
 40844 | Shoals:3 | Reached skill level 17 in Maces & Flails
 40859 | Shoals:3 | Killed Meoqees's ghost
 40969 | Shoals:4 | Entered Level 4 of the Shoals
 41117 | Shoals:4 | Found a frozen archway.
 41159 | IceCv    | Entered an ice cave
 42203 | IceCv    | Noticed an Ice Fiend
 42218 | IceCv    | Killed an Ice Fiend
 43086 | Shoals:4 | Reached XP level 18. HP: 81/134 MP: 12/18
 43296 | Shoals:4 | HP: 4/134 [faun (21)]
 43318 | Shoals:4 | Identified the +10 falchion of War {vorpal, +Blink rPois
                  | rF- Stlth+}
 44119 | Shoals:4 | Identified the +8 broad axe "Kianoowk" {spect, rPois rF+}
 44183 | Shoals:4 | Reached skill level 18 in Maces & Flails
 44259 | Shoals:4 | Got a barnacled rune of Zot
 44887 | Spider:1 | Entered Level 1 of the Spider Nest
 45679 | Spider:2 | Identified the +5 flail of Gravity {flame, Int+5}
 45684 | Spider:2 | Noticed Arachne
 45693 | Spider:2 | Noticed Donald
 46147 | Spider:1 | Received a gift from Trog
 46206 | Spider:1 | Killed Donald
 46389 | Spider:1 | Killed Arachne
 47186 | Spider:2 | Noticed Aizul
 47207 | Spider:2 | Killed Aizul
 48903 | Spider:4 | Entered Level 4 of the Spider Nest
 48939 | Spider:4 | Reached XP level 19. HP: 69/140 MP: 11/19
 49359 | Spider:4 | Identified the +4 eveningstar of Termination {flame, rPois
                  | Will+ Dex+2} (Trog gifted it to you on level 4 of the
                  | Spider Nest)
 49359 | Spider:4 | Received a gift from Trog
 50069 | Spider:4 | Reached skill level 1 in Shields
 50503 | Spider:4 | Reached skill level 19 in Maces & Flails
 50881 | Spider:4 | Got a gossamer rune of Zot
 51430 | Elf:1    | Entered Level 1 of the Elven Halls
 52336 | Elf:1    | Received a gift from Trog
 52627 | Elf:1    | Noticed Frances
 52652 | Elf:1    | Killed Frances
 52669 | Elf:1    | Killed the ghostly Frances
 53328 | Elf:2    | Identified the +2 ring mail of Chill Winds {rN+ Int+4}
 53527 | Elf:2    | Reached skill level 5 in Shields
 53608 | Elf:2    | Found a runed translucent gate.
 53609 | Elf:2    | Found a runed translucent gate.
 53609 | Elf:2    | Found a runed translucent gate.
 53887 | Elf:2    | Reached XP level 20. HP: 149/149 MP: 18/20
 53893 | Elf:2    | Received a gift from Trog
 54640 | Elf:3    | Entered Level 3 of the Elven Halls
 55117 | Elf:2    | Identified the +6 mace of Ynemn {vorpal, rC+ Dex+4} (Trog
                  | gifted it to you on level 2 of the Elven Halls)
 55117 | Elf:2    | Received a gift from Trog
 57060 | Elf:3    | Found the +8 autumn katana {vorpal, Clar}
 57069 | Elf:3    | Identified the +1 pair of gloves of Card Tricks {Int+3}
 57075 | Elf:3    | Identified the ring "Qubopp" {rPois Str+6 Dex+3}
 57084 | Elf:3    | Identified the +11 falchion of Her Loen {venom, Drain
                  | Will++ Dex+4}
 57087 | Elf:3    | Identified the +1 spear of the Stork {protect, Will++}
 57096 | Elf:3    | Identified the +1 pair of boots of Ymmyewn {rC+ rN+ Will+++
                  | Int-2}
 57099 | Elf:3    | Identified the +1 plate armour of Intuition {rF+ MP-9
                  | Slay+2}
 57104 | Elf:3    | Identified the +12 morningstar "Wobbuken" {drain, rF- rCorr
                  | Int-2 Stlth+}
 57964 | Vaults:1 | Entered Level 1 of the Vaults
 58312 | Vaults:1 | Found Asuim's General Store.
 58320 | Vaults:1 | Bought a potion of heal wounds for 55 gold pieces
 58863 | Vaults:1 | Reached skill level 20 in Maces & Flails
 59148 | Vaults:1 | Received a gift from Trog
 59283 | Vaults:1 | Reached XP level 21. HP: 157/157 MP: 21/21
 59995 | Vaults:2 | Found a staircase to the Crypt.
 60871 | Vaults:2 | Received a gift from Trog
 61563 | Vaults:2 | Reached skill level 10 in Shields
 62614 | Vaults:3 | Received a gift from Trog
 62754 | Vaults:3 | Reached XP level 22. HP: 165/165 MP: 19/22
 63224 | Vaults:3 | Found Qekkuu's Armour Shop.
 63675 | Vaults:3 | Received a gift from Trog
 64826 | Vaults:4 | Received a gift from Trog
 65097 | Vaults:4 | Reached skill level 21 in Maces & Flails
 66092 | Vaults:4 | Found Gaiq Ene's Antique Weapon Shop.
 66600 | Vaults:4 | Reached XP level 23. HP: 129/172 MP: 18/23
 66825 | Vaults:5 | Entered Level 5 of the Vaults
 66895 | Vaults:5 | Noticed an ancient lich
 67371 | Vaults:4 | Identified the +11 morningstar "Houtomy" {antimagic, Will+
                  | Stlth+} (Trog gifted it to you on level 4 of the Vaults)
 67371 | Vaults:4 | Received a gift from Trog
 67388 | Vaults:5 | Noticed an ancient lich
 67596 | Vaults:4 | Killed an ancient lich
 68164 | Vaults:5 | Noticed an ancient lich
 68168 | Vaults:4 | HP: 1/173 [tengu reaver/bolt of fire (13)]
 68169 | Vaults:4 | Killed from afar by an ancient lich

Illustrated notes

Levels and vault maps discovered:
D:1:      lemuel_arrival_behind_the_door_large, layout_loops_corners,
          chequers_serial_rivers_room_b, chequers_hall_statues_wall_a
D:2:      layout_loops_ring, chequers_ecumenical_altar_island, uniq_sigmund
D:3:      minmay_door_path, layout_loops_ring, nicolae_overflow_crystal_walls
D:4:      layout_layer_cave, mainiacjoe_overflow_big_doors, portal_sewer_entry_d
D:5:      layout_loops_cross, lightli_temple_of_fire, minmay_temple_entry_hall,
          minmay_misc_feat_room
D:6:      layout_basic, lemuel_doored_altar
D:7:      layout_loops_ring, nzn_random_ring
D:8:      layout_basic, minmay_lair_entry_grove
D:9:      layout_rooms, mainiacjoe_overflow_alcove_4, uniq_erica
D:10:     layout_basic, david_orc_5, serial_shops, nicolae_diamond_shop,
          uniq_erolcha
D:11:     layout_basic, special_room [special_room_orc]
D:12:     cheibrodos_quadrivalence, layout_layer_cave,
          nicolae_trove_entry_isolated
D:13:     layout_irregular_city, uniq_rupert
D:14:     layout_cave_pools, erik_vaults_1, the_hattery
D:15:     hangedman_depths_entry_try_elsewhere_first, layout_stronghold,
          nicolae_benzene_ring, eat_drink_and_be_merry_uskayaw, uniq_jorgrun,
          uniq_nessos
Lair:1:   layout_gridlike, serial_bayou_crossing
Lair:2:   layout_cave_pods, dummy_spider_entry, uniq_nergalle
Lair:3:   nzn_winding_woodlands_small [nzn_winding_woodlands_5x15_zeroes,
          nzn_winding_woodlands_center_diamonds,
          nzn_winding_woodlands_5x15_sawtooth], layout_cave_pods,
          elwin_shoals_entry_rooms, grunt_megastairs_1, serial_bayou_shore_b,
          minmay_lair_oklob_chamber
Lair:4:   layout_small_grid, lemuel_fruit_fields, grunt_megastairs_4
Lair:5:   layout_regular_city, beast_lair_carwin_4, grunt_megastairs_2
Lair:6:   minmay_lair_end_enchanted_forest, layout_long_grid, slime_altar_2
Shoals:1: layout_shoals, gammafunk_ghost_tricky_traps, nicolae_shop_firing_range
Shoals:2: layout_shoals, uniq_louise, uniq_roxanne
Shoals:3: layout_shoals, gammafunk_ghost_cemetery
Shoals:4: shoals_end_grunt_garden, layout_shoals,
          portal_ice_cave_entry_ice_simulacra
Spider:1: layout_spider_delve
Spider:2: layout_spider_delve, uniq_aizul, uniq_donald, uniq_arachne
Spider:3: layout_spider_delve
Spider:4: grunt_spider_rune_circles
Orc:1:    layout_diamond_mine
Orc:2:    grunt_orc_community_town_hall, layout_caves,
          grunt_orc_community_big_house_2, grunt_orc_community_big_house_1,
          grunt_orc_community_house_1, grunt_orc_community_house_1,
          grunt_orc_community_house_3, grunt_orc_community_house_2,
          enter_volcano_2, hellmonk_bongcloud_opening, uniq_snorg
Elf:1:    nicolae_elf_arrival_no_cutting_in_line, layout_geoelf_grid,
          hangedman_elf_disciples, uniq_frances
Elf:2:    nicolae_elf_blades_crystal_corner, layout_rooms
Elf:3:    minmay_elf_hall_statues, layout_loops_ring
Vaults:1: v_misc_13, hangedman_vaults_cutoff, nicolae_vaults_twisting_passages,
          vaults_dpeg_ring, nicolae_vaults_windows_and_doors_thing, v_misc_24,
          vaults_dpeg_hooks, nicolae_vaults_angled_halls,
          vaults_standard_mumra_x, vaults_room_pool, layout_vaults_chaotic_city,
          serial_shops, nicolae_shop_crystal
Vaults:2: vaults_room_door_hall, vaults_mumra_hex, nicolae_vaults_meeting,
          v_pattern_3, minmay_crypt_entry_simple_corners,
          nicolae_vaults_network_star, nicolae_vaults_little_ls,
          vaults_room_boxed, vaults_mumra_hexcomb,
          nicolae_vaults_little_squares_4, v_misc_14, vaults_dpeg_cross,
          nicolae_vaults_rhombus_5, layout_vaults_ring
Vaults:3: grunt_vaults_diagonal, v_misc_25, v_misc_2, vaults_room_fours,
          v_rooms_1, hangedman_vaults_maws, ontoclasm_vaults_fault,
          st_smaller_cells, ontoclasm_vaults_gateway, hangedman_vaults_cutoff,
          nicolae_vaults_theta, v_misc_10, layout_vaults_omnicross,
          serial_shops, nicolae_diamond_shop
Vaults:4: dpeg_vaults_waves, hangedman_vaults_trim, hangedman_vaults_stitches,
          v_misc_10, layout_vaults_quadrants, serial_shops, shop
Vaults:5

Skill      XL: |  1  2  3  4  5  6  7  8  9 10 11 12 13 14 15 16 17 18 19 20 21 22 |
---------------+-------------------------------------------------------------------+-----
Dodging        | 2 3 4 5 6 7 8 9 10 11 12 13 14 | 14.2
Fighting       | 4 5 7 8 9 11 12 13 14 15 16 17 18 19 20 | 20.5
Armour         | 3 4 5 6 8 9 11 12 13 14 15 16 17 18 19 20 | 20.4
Maces & Flails | 4 5 6 7 9 10 11 12 13 15 16 17 18 19 20 21 | 21.3
Evocations     | 3 5 |  5.6
Shields        | 5 8 10 12 | 12.8

Action                   |  1- 3 |  4- 6 |  7- 9 | 10-12 | 13-15 | 16-18 | 19-21 | 22-24 || total
-------------------------+-------+-------+-------+-------+-------+-------+-------+-------++-------
Melee: Mace              |    75 |   204 |       |       |       |       |       |       ||   279
       Flail             |       |    49 |   298 |   426 |  1209 |       |       |       ||  1982
       Morningstar       |       |       |       |   327 |       |       |   656 |   744 ||  1727
       Dire flail        |       |       |       |       |   241 |  1525 |    68 |       ||  1834
       Great mace        |       |       |       |       |       |   483 |       |       ||   483
       Eveningstar       |       |       |       |       |       |       |   785 |       ||   785
Invok: Berserk           |     2 |     2 |     7 |    20 |    18 |    24 |    21 |     4 ||    98
       Trog's Hand       |       |       |     2 |     7 |     3 |     8 |     3 |     6 ||    29
       Brothers in Arms  |       |       |       |     4 |     3 |     4 |     2 |     4 ||    17
Evoke: Wand              |       |       |       |     2 |     9 |     5 |       |       ||    16
  Use: Scroll            |       |    12 |     2 |     5 |    17 |    14 |       |     2 ||    52
       Potion            |       |     5 |       |     7 |     1 |     8 |     8 |     1 ||    30
 Stab: Invisible         |       |       |       |     1 |       |     3 |       |       ||     4
       Petrified         |       |       |       |       |     5 |       |       |       ||     5
       Distracted        |       |       |       |       |     1 |       |     1 |     1 ||     3
Armor: Animal skin       |    33 |    20 |       |       |       |       |       |       ||    53
       Skin              |       |     3 |       |       |       |       |       |       ||     3
       Ring mail         |       |   107 |   188 |     9 |       |       |       |       ||   304
       Plate armour      |       |       |       |   542 |  1079 |  1660 |   769 |       ||  4050
       Gold dragon scale |       |       |       |       |       |       |   437 |   492 ||   929
Dodge: Dodged            |    67 |   163 |   254 |   428 |  1004 |  1735 |  1052 |   392 ||  5095
Block: Kite shield       |       |       |       |       |       |       |   981 |   572 ||  1553
       Reflection        |       |       |       |       |       |       |    49 |    62 ||   111
